 Dungeon Crawl Stone Soup version 0.30-a0-715-gdb4ae3ece1 (webtiles) character file.

Game seed: 2340481411281254165

241 BaabKaare the Firebug (level 5, 0/38 HPs)
             Began as a Draconian Fire Elementalist on Jan 24, 2023.
             Slain by a hobgoblin (2 damage)
             ... on level 4 of the Dungeon.
             The game lasted 00:08:27 (5785 turns).

BaabKaare the Firebug (Draconian Fire Elementalist) Turns: 5785, Time: 00:08:27

Health: 0/38       AC:  5    Str: 11    XL:     5   Next: 80%
Magic:  0/10       EV: 12    Int: 17    God:
Gold:   87         SH:  0    Dex: 11    Spells: 5/11 levels left

rFire   . . .      SeeInvis .    (no weapon)
rCold   . . .      Faith    .    (no shield)
rNeg    . . .      Spirit   .    (body armour unavailable)
rPois   .          Reflect  .    (helmet restricted)
rElec   .          Harm     .    (no cloak)
rCorr   .          Rampage  .    (no gloves)
Will    .....                    (no boots)
Stlth   ++                       (no amulet)
HPRegen 0.26/turn                (no ring)
MPRegen 0.12/turn                (no ring)

@: brilliant
A: AC +5, unfitting armour, cold-blooded
a: no special abilities


You were on level 4 of the Dungeon.
You visited 1 branch of the dungeon, and saw 5 of its levels.

You collected 87 gold pieces.

Inventory:

Jewellery
 o - a ring of resist corrosion
Scrolls
 b - a scroll of vulnerability {unknown}
 c - 5 scrolls of identify {unknown}
 e - 2 scrolls of butterflies {unknown}
 f - a scroll of magic mapping {unknown}
 g - a scroll of amnesia {unknown}
 i - a scroll of immolation {unknown}
 j - a scroll of teleportation {unknown}
 l - a scroll of fear {unknown}
 m - a scroll of fog {unknown}
 q - a scroll of enchant weapon {unknown}
Potions
 d - a potion of brilliance
 h - a potion of ambrosia {unknown}
 k - a potion of attraction {unknown}
 p - a potion of lignification {unknown}
 r - a potion of curing {unknown}


   Skills:
 + Level 2.0 Dodging
 + Level 2.5 Stealth
 + Level 3.9 Spellcasting
 + Level 1.1 Conjurations
 + Level 4.8 Fire Magic


You had 5 spell levels left.
You knew the following spells:

 Your Spells              Type           Power      Damage    Failure   Level
a - Foxfire               Conj/Fire      80%        2x1d8     4%          1
b - Scorch                Fire           58%        2d7       3%          2
c - Kindle Blastsparks    Fire/Tloc/Air  26%        2d12      24%         3

Your spell library contained the following spells:

 Spells                   Type           Power      Damage    Failure   Level
 Inner Flame              Hex/Fire       17%        N/A       17%         3
 Hailstorm                Conj/Ice       7%         3d4       36%         3
 Flame Wave               Conj/Fire      20%        2d7       41%         4
 Ice Form                 Ice/Tmut       4%         N/A       85%         4
 Simulacrum               Ice/Necr       2%         N/A       100%        6


Dungeon Overview and Level Annotations

Branches:
Dungeon (5/15)
 Temple: D:4-7

Altars:
Cheibriados
Makhleb


Innate Abilities, Weirdness & Mutations

Your plain brown scales are hard. (AC +5)
You cannot fit into any form of body armour.
You are cold-blooded and may be slowed by cold attacks.


Message History

Casting: Scorch (safe; 3% risk of failure)
Confirm with . or Enter, or press ? or * to list all spells.
Flames lash the gnoll.
The gnoll is burned terribly!
You kill the gnoll!
The gnoll is no longer more vulnerable to fire.
The goblin misses you. The gnoll closely misses you.
Casting: Scorch (safe; 3% risk of failure)
Confirm with . or Enter, or press ? or * to list all spells.
Flames lash the gnoll.
The gnoll is severely wounded.
The gnoll's fire resistance burns away.
The goblin closely misses you. The gnoll hits you but does no damage.
Casting: Scorch (safe; 3% risk of failure)
Confirm with . or Enter, or press ? or * to list all spells.
You conjure some foxfire!
The goblin barely misses you. The gnoll hits you but does no damage.
The foxfire hits the goblin.
The goblin is heavily wounded.
The foxfire hits the goblin.
You kill the goblin!
The gnoll closely misses you.
The gnoll hits you from afar with a +0 halberd.
It was a potion of brilliance.
You feel clever all of a sudden.
The gnoll is no longer more vulnerable to fire.
The gnoll closely misses you.
The gnoll hits you from afar with a +0 halberd!
Casting: Foxfire (safe; 4% risk of failure)
Confirm with . or Enter, or press ? or * to list all spells.
You don't have enough magic to cast this spell.
The gnoll hits you from afar with a +0 halberd!
* * * LOW HITPOINT WARNING * * *
It was a potion of heal wounds.
You feel much better. The hobgoblin misses you.
The gnoll hits you with a +0 club!
The gnoll hits you from afar with a +0 halberd!
* * * LOW HITPOINT WARNING * * *
The gnoll hits you from afar with a +0 halberd!
* * * LOW HITPOINT WARNING * * *
The hobgoblin attacks as you move away! The hobgoblin hits you.
You die...

#.........#
.###........##
............#
............#
>......†....#
.......)....#
........g)..#
..........gg#
..........@.#
.###........#
#.....#..# #
#........#
##.......# #.
#.......# ..
#.......# ..
#.......# ....
####.#..


You could see 2 gnolls and a hobgoblin.

Vanquished Creatures
  A scorpion (D:3)
  Natasha (thrice) (D:2)
  A gnoll (D:4)
  4 adders
  An orc (D:4)
  4 endoplasms
  4 giant cockroaches
  9 goblins
  5 hobgoblins
  3 jackals (D:1)
  5 kobolds
  A quokka (D:2)
  5 ball pythons
  4 bats
  6 frilled lizards
  6 rats
62 creatures vanquished.

Vanquished Creatures (others)
  33 foxfires
  A plant (D:3)
34 creatures vanquished.

Grand Total: 96 creatures vanquished

Notes
Turn   | Place    | Note
-------+----------+-------------------------------------------
     0 | D:1      | BaabKaare the Draconian Fire Elementalist began the quest
                  | for the Orb.
     0 | D:1      | Reached XP level 1. HP: 14/14 MP: 3/3
    33 | D:1      | Found a faded altar of an unknown god.
   332 | D:2      | Reached XP level 2. HP: 20/20 MP: 3/5
   485 | D:1      | Learned a level 2 spell: Scorch
  2402 | D:2      | Reached XP level 3. HP: 26/26 MP: 1/6
  3318 | D:2      | Noticed Natasha
  3321 | D:2      | Killed Natasha
  3497 | D:2      | Reached skill level 4 in Fire Magic
  3535 | D:2      | Reached XP level 4. HP: 33/33 MP: 3/8
  3737 | D:2      | Learned a level 3 spell: Kindle Blastsparks
  4018 | D:2      | Noticed Natasha
  4022 | D:2      | Killed Natasha
  4034 | D:2      | Noticed Natasha
  4040 | D:2      | Killed Natasha
  4402 | D:3      | Found a burning altar of Makhleb.
  4424 | D:3      | Reached XP level 5. HP: 38/38 MP: 4/9
  5054 | D:5      | Entered Level 5 of the Dungeon
  5656 | D:4      | Found a snail-covered altar of Cheibriados.
  5785 | D:4      | Slain by a hobgoblin

Illustrated notes

Levels and vault maps discovered:
D:1:      ebering_trefoil_3fold, layout_basic, ebering_ecumenical_altar_hall,
          wander_ebering_terrifying_dragon_lair
D:2:      layout_loops_ring, uniq_natasha
D:3:      layout_loops_ring, mainiacjoe_overflow_boulevard, feat_on_display
D:4:      layout_basic, chei_slow_surprise, minmay_temple_entry_arrows,
          uniq_crazy_yiuf_cottage, uniq_eustachio
D:5:      layout_loops_corners, mainiacjoe_overflow_alcove_4,
          portal_sewer_entry_c, biasface_ghost_orc_armoury

Skill      XL: |  1  2  3  4  5 |
---------------+----------------+-----
Stealth        | 2 |  2.5
Fire Magic     | 4 |  4.8
Spellcasting   | 3 |  3.9
Dodging        | 2 |  2.0
Conjurations   | |  1.1

Action                     |  1- 3 |  4- 6 || total
---------------------------+-------+-------++-------
  Melee: Unarmed           |     2 |       ||     2
   Cast: Foxfire           |    14 |     5 ||    19
         Scorch            |    32 |    43 ||    75
    Use: Potion            |       |     3 ||     3
 Armour: Skin              |     9 |    10 ||    19
  Dodge: Dodged            |    20 |    35 ||    55

Table legend: (Time is in decaauts)
 A = Elapsed time spent in this place.
 B = Non-inter-level travel time spent in this place.
 C = Inter-level travel time spent in this place.
 D = Time resting spent in this place.
 E = Time spent auto-exploring this place.
 F = Levels seen in this place.
 G = Mean time per level.
                   A        B        C        D        E       F      G
               +--------+--------+--------+--------+--------+-----+--------+
         Total |   5790 |   5709 |     81 |   3540 |   1400 |   5 | 1158.0 |
       Dungeon |   5790 |   5709 |     81 |   3540 |   1400 |   5 | 1158.0 |
               +--------+--------+--------+--------+--------+-----+--------+

Top non-repeatable levels by time:
     D:1: 2169 daAuts
     D:2: 2005 daAuts
     D:3: 1181 daAuts
     D:4: 432 daAuts
     D:5: 1 daAuts
